 Dungeon Crawl Stone Soup version 0.20.1-1-g8b1a95d (webtiles) character file.

820 acidapple the Chiller (level 8, 24/52 HPs)
             Began as a Human Ice Elementalist on Sept 11, 2017.
             Was a Follower of Sif Muna.
             Quit the game on level 3 of the Dungeon.
             The game lasted 00:12:15 (4551 turns).

acidapple the Chiller (Human Ice Elementalist)      Turns: 4551, Time: 00:12:15

Health: 24/52      AC:  3    Str:  9    XL:     8   Next: 16%
Magic:  7/15       EV: 12    Int: 17    God:    Sif Muna [*.....]
Gold:   180        SH:  0    Dex: 14    Spells: 11/17 levels left

rFire    . . .     SeeInvis .   y - +4 quarterstaff (chaos)
rCold    . . .     Gourm    .   (shield currently unavailable)
rNeg     . . .     Faith    .   a - +0 robe
rPois    .         Spirit   .   (no helmet)
rElec    .         Reflect  .   z - +0 cloak
rCorr    .         Harm     .   (no gloves)
MR       .....                  (no boots)
Stlth    ++........             (no amulet)
Regen    0.2/turn               (no ring)
MPRegen  0.2/turn               (no ring)

@: no status effects
A: no striking features
a: Divine Energy, Renounce Religion


You were on level 3 of the Dungeon.
You worshipped Sif Muna.
Sif Muna was aware of your devotion.
You were not hungry.

You visited 1 branch of the dungeon, and saw 4 of its levels.

You collected 180 gold pieces.

Inventory:

Hand Weapons
 e - a +0 short sword
 y - a +4 quarterstaff of chaos (weapon)
 E - the +4 Vampire's Tooth {vamp}
   (You found it on level 4 of the Dungeon)

   It inflicts no extra harm, but heals its wielder when it wounds a living foe.
Armour
 a - a +0 robe (worn)
 z - a +0 cloak (worn)
Jewellery
 f - an uncursed amulet of guardian spirit
Wands
 t - a wand of random effects (24/48)
 F - a wand of iceblast (9/15)
Scrolls
 h - a scroll of magic mapping {unknown}
 j - a scroll of enchant armour {unknown}
 k - a scroll of recharging {unknown}
 n - 2 scrolls of amnesia {unknown}
 o - a scroll of blinking {unknown}
 q - 2 scrolls of enchant weapon {unknown}
 s - a scroll of remove curse {unknown}
 x - 2 scrolls of identify {unknown}
 A - 2 scrolls of noise {unknown}
 B - a scroll of teleportation {unknown}
 C - a scroll of fog {unknown}
 G - a scroll of immolation {unknown}
Potions
 d - 5 potions of flight
 g - 2 potions of ambrosia {unknown}
 m - a potion of cancellation {unknown}
 p - 2 potions of berserk rage {unknown}
 r - a potion of mutation {unknown}
 u - 2 potions of heal wounds {unknown}
 v - a potion of haste {unknown}
 w - a potion of curing {unknown}
 D - a potion of invisibility {unknown}
Books
 b - a book of Frost

   Spells                             Type                      Level
   a - Freeze                         Ice                          1
   b - Throw Frost                    Conjuration/Ice              2
   c - Ozocubu's Armour               Charms/Ice                   3
   d - Throw Icicle                   Conjuration/Ice              4
   e - Summon Ice Beast               Ice/Summoning                4
Comestibles
 c - 3 bread rations
 i - 4 royal jellies
 l - 3 meat rations
 H - 4 fruits


   Skills:
 - Level 2.0 Dodging
 - Level 2.0 Stealth
 + Level 5.1 Spellcasting
 - Level 1.0 Conjurations
 + Level 0.2 Charms
 * Level 7.5 Ice Magic


You had 11 spell levels left.
You knew the following spells:

 Your Spells              Type           Power        Failure   Level  Hunger
a - Freeze                Ice            ####         1%          1    None
b - Throw Frost           Conj/Ice       ###...       3%          2    #......
c - Ozocubu's Armour      Chrm/Ice       ###.....     9%          3    ###....


Dungeon Overview and Level Annotations

Branches:
Dungeon (4/15)
 Temple: D:4-7

Altars:
Dithmenos
Fedhas
Gozag
Makhleb
Nemelex Xobeh
Sif Muna

Shops:
D:4 %


Message History

The puff of frost hits the orc wizard.
The orc wizard is almost dead.
Unknown command.
Casting: Throw Frost
Confirm with . or Enter, or press ? or * to list all spells.
Aiming: Freeze
Press: ? - help, Shift-Dir - straight line, f/p - orc wizard
Aim: an orc wizard, wielding a dagger and wearing a robe (almost dead, fast)
You freeze the orc wizard.
You kill the orc wizard!
Sif Muna accepts your kill.
Search for what [? for help]? gozag
Things that are here:
a dagger; a robe; an orc corpse
There is an open door here.
There is an opulent altar of Gozag here.
You kneel at the altar of Gozag.
Unknown command.
Press < or > to pray at altars.
Are you sure you want to abandon this character and quit the game? (Confirm with "yes".)

....#.#.##.# #.........#
#####.#.##.#####.###.#####
......#.##.#..........#
......+......^.#####..#
##....##......+#.#.#+.#
##[..........##.. ..###
.......#.....#.._ _..
.......#.....#########
.............#..@#_..#
.............##..#..###
..........##..'#.#.#'.#
######.#.###...#####..#
..#.#.# #..## ##.#
####.#.#.# ##.# ##.#
.....#.#.# #.# #..# #....#
#.# ##.## #....# #.# #..#


There were no monsters in sight!

Vanquished Creatures
  An ogre (D:4)
  A bullfrog (D:4)
  2 scorpions (D:4)
  2 vampire bats (D:4)
  A howler monkey (D:4)
  A hound (D:4)
  Crazy Yiuf (D:2)
  A bullfrog skeleton (D:4)
  2 orc priests
  An iron imp (D:4)
  2 worker ants
  3 orc wizards
  5 adders
  An ooze (D:1)
  5 worms
  A dart slug (D:1)
  6 orcs
  A ball python (D:1)
  12 bats
  9 goblins
  12 hobgoblins
  8 jackals
  A frilled lizard (D:2)
  9 kobolds
  A quokka skeleton (D:4)
  6 rats
95 creatures vanquished.

Notes
Turn   | Place    | Note
-------+----------+-------------------------------------------
     0 | D:1      | acidapple the Human Ice Elementalist began the quest for the Orb.
     0 | D:1      | Reached XP level 1. HP: 13/13 MP: 3/3
   361 | D:1      | Reached XP level 2. HP: 6/19 MP: 0/5
   890 | D:1      | Reached XP level 3. HP: 19/24 MP: 0/6
  1656 | D:2      | Found a deep blue altar of Sif Muna.
  1659 | D:2      | Became a worshipper of Sif Muna the Loreminder
  1725 | D:2      | Reached XP level 4. HP: 27/30 MP: 1/8
  1869 | D:2      | Learned a level 2 spell: Throw Frost
  1981 | D:2      | Reached skill level 4 in Ice Magic
  2149 | D:2      | Found a runed door.
  2153 | D:2      | Noticed Crazy Yiuf
  2158 | D:2      | Killed Crazy Yiuf
  2192 | D:2      | Reached XP level 5. HP: 22/35 MP: 4/9
  2739 | D:3      | Reached skill level 5 in Ice Magic
  2784 | D:3      | Reached XP level 6. HP: 41/41 MP: 2/11
  2916 | D:3      | Found a burning altar of Makhleb.
  2916 | D:3      | Found a sparkling altar of Nemelex Xobeh.
  2917 | D:3      | Found an opulent altar of Gozag.
  2989 | D:3      | Found a blossoming altar of Fedhas.
  3196 | D:4      | Noticed an ogre
  3414 | D:4      | Found a shadowy altar of Dithmenos.
  3492 | D:4      | Reached * piety under Sif Muna
  3494 | D:4      | Reached skill level 6 in Ice Magic
  3494 | D:4      | Reached XP level 7. HP: 41/46 MP: 13/13
  3639 | D:4      | Found Foskesm's Food Emporium.
  3875 | D:4      | Reached skill level 7 in Ice Magic
  4134 | D:4      | Reached XP level 8. HP: 46/52 MP: 7/15
  4144 | D:4      | Reached skill level 5 in Spellcasting
  4493 | D:3      | Learned a level 3 spell: Ozocubu's Armour
  4551 | D:3      | Quit the game

Skill      XL: |  1  2  3  4  5  6  7  8 |
---------------+-------------------------+-----
Spellcasting   | 3 4 5 |  5.1
Ice Magic      | 4 5 6 7 |  7.5
Dodging        | |  2.0
Stealth        | |  2.0
Conjurations   | |  1.0
Charms         | |  0.2

Action                   |  1- 3 |  4- 6 |  7- 9 || total
-------------------------+-------+-------+-------++-------
Melee: Unarmed           |     9 |       |       ||     9
       Short sword       |    32 |     6 |       ||    38
       Club              |     2 |       |       ||     2
       Quarterstaff      |       |    40 |    46 ||    86
 Cast: Freeze            |    47 |    39 |    17 ||   103
       Throw Frost       |       |    15 |    21 ||    36
  Use: Potion            |       |       |     1 ||     1
 Stab: Sleeping          |       |     3 |       ||     3
       Confused          |       |       |     1 ||     1
  Eat: Chunk             |     3 |     6 |       ||     9
       Bread ration      |       |       |     1 ||     1
Armor: Robe              |    18 |    16 |     6 ||    40
Dodge: Dodged            |    69 |    62 |    33 ||   164
